 Dungeon Crawl Stone Soup version 0.29.0-4-gdea44cf6ec (webtiles) character file.

Game seed: 7640144456328876349

8 qw the Chopper (level 2, 0/15 (17) HPs)
             Began as a Tengu Warper on Aug 28, 2022.
             Slain by a gnoll
             ... wielding a +0 whip of draining
              (2 damage)
             ... on level 1 of the Dungeon.
             The game lasted 00:00:02 (206 turns).

qw the Chopper (Tengu Warper)                        Turns: 206, Time: 00:00:02

HP:   0/15 (17)     AC:  3    Str: 11    XL:     2   Next: 8%
MP:   6/6           EV: 11    Int: 13    God:
Gold: 24            SH:  0    Dex: 13    Spells: 5/5 levels left

rFire   . . .      SeeInvis .   a - +0 hand axe
rCold   . . .      Faith    .   (no shield)
rNeg    . . .      Spirit   .   b - +0 leather armour
rPois   .          Reflect  .   (helmet restricted)
rElec   .          Harm     .   (no cloak)
rCorr   .          Rampage  .   (no gloves)
Will    .....                   (boots unavailable)
Stlth   +.........              (no amulet)
HPRegen 0.05/turn               (no ring)
MPRegen 0.10/turn               (no ring)

@: heavily drained
A: beak, talons 3
a: no special abilities


You were on level 1 of the Dungeon.
You visited 1 branch of the dungeon, and saw 1 of its levels.

You collected 24 gold pieces.


Innate Abilities, Weirdness & Mutations

You have a beak for a mouth.
You have claws for feet.


   Skills:
 - Level 2.0 Fighting
 + Level 3.1 Axes
 - Level 1.0 Throwing
 - Level 1.1 Armour
 - Level 2.1 Dodging
 - Level 2.0 Spellcasting
 - Level 2.4 Translocations


You had 5 spell levels left.
You didn't know any spells.
Your spell library contained the following spells:

 Spells                   Type           Power      Damage    Failure   Level
 Blink                    Tloc           14%        N/A       19%         2
 Gell's Gravitas          Tloc           7%         N/A       36%         3
 Lesser Beckoning         Tloc           7%         N/A       36%         3
 Teleport Other           Tloc           7%         N/A       36%         3
 Manifold Assault         Tloc           7%         N/A       98%         5

Inventory:

Hand Weapons
 a - a +0 hand axe (weapon)
 e - a +0 mace
Missiles
 d - 2 boomerangs of dispersal (quivered)
Armour
 b - a +0 leather armour (worn)
Jewellery
 f - a ring of fire
Scrolls
 c - a scroll of blinking

Dungeon Overview and Level Annotations

Branches:
Dungeon (1/15)

Altars:


Message History

You kill the rat!
You have reached level 2!
A gnoll, a quokka and a bat come into view.
The gnoll is wielding a +0 whip of draining.
Found 4 stones.
A nearby plant withers and dies.
Things that are here:
a scroll labelled OXO FUAGEI; a rat corpse The gnoll shouts!
The bat closely misses you. The bat hits you but does no damage.
The bat barely misses you. x2
You barely miss the bat. Your kick misses the bat. You peck the bat.
The bat is severely wounded.
The bat closely misses you. The quokka closely misses you.
You hit the quokka.
The quokka is heavily wounded.
The bat barely misses you.
The quokka bites you but does no damage.
You hit the quokka.
You kill the quokka!
You barely miss the bat. The bat barely misses you.
The bat hits you but does no damage.
Your Axes skill increases to level 3!
You closely miss the bat.
The bat is moderately wounded.
You closely miss the gnoll. The bat hits you but does no damage.
The bat misses you.
The gnoll hits you with a +0 whip of draining!
You feel drained.
You closely miss the gnoll. Your kick misses the gnoll.
Your peck misses the gnoll. The bat hits you but does no damage.
The gnoll hits you with a +0 whip of draining.
You feel drained.
You barely miss the bat. You claw the bat.
The bat is severely wounded.
You closely miss the gnoll. The bat hits you.
The gnoll hits you with a +0 whip of draining.
You die...

# #....# ###.#### #.#
.##'## #.# .+...+ #.#
##.<.# +.# ###### .'...+
#.##...... ###'##
#.#...P.PP ###.#####
##...P....P ........#
#.b@gP..... .######.#
#+.?#....... ......#
##...#....P.P #####.#
#....#.P....P
#.....######....#..PP.PP
#.###...##......#......(
# ####'....}..#.#####.
###+###.........#.#
................#


You could see a gnoll and a bat.

Vanquished Creatures
  2 bats (D:1)
  An endoplasm (D:1)
  2 quokkas (D:1)
  A ball python (D:1)
  A kobold (D:1)
  A rat (D:1)
8 creatures vanquished.

Vanquished Creatures (others)
  A plant (D:1)
1 creature vanquished.

Grand Total: 9 creatures vanquished

Notes
Turn   | Place    | Note
-------+----------+-------------------------------------------
     0 | D:1      | qw the Tengu Warper began the quest for the Orb.
     0 | D:1      | Reached XP level 1. HP: 12/12 MP: 4/4
     0 | D:1      | 0 ||| qw: Version: 0.1-a-89-g26bdef1
     0 | D:1      | 0 ||| qw: Game counter: 2796
     0 | D:1      | 0 ||| qw: Always use a shield: true
     0 | D:1      | 0 ||| qw: God list: Okawaru
     0 | D:1      | 0 ||| qw: Allow faded altars: false
     0 | D:1      | 0 ||| qw: Do Orc after D:15 true
     0 | D:1      | 0 ||| qw: Do second Lair branch before Depths: true
     0 | D:1      | 0 ||| qw: Lair rune preference: random
     0 | D:1      | 0 ||| qw: Plans: Normal
     0 | D:1      | 0 ||| PLANNING D:1-11
   197 | D:1      | Reached XP level 2. HP: 17/17 MP: 6/6
   204 | D:1      | Reached skill level 3 in Axes
   205 | D:1      | HP: 3/16 [gnoll/+0 whip of draining (5)]
   206 | D:1      | Slain by a gnoll

Levels and vault maps discovered:
D:1:      nicolae_arrival_somewhat_less_tricky_arrival, layout_loops_ring,
          hellmonk_ecumenical_altar_pennies_from_heaven, nicolae_grassy_gnolls

Skill      XL: |  1  2 |
---------------+-------+-----
Axes           | 3 |  3.1
Fighting       | |  2.0
Throwing       | |  1.0
Armour         | |  1.1
Dodging        | |  2.1
Spellcasting   | |  2.0
Translocations | |  2.4

Action                   || total
-------------------------++-------
Melee: Hand axe          ||    19
       Kick              ||     2
       Peck              ||     2
Throw: Boomerang         ||     5
Armor: Leather armour    ||    14
Dodge: Dodged            ||    17

Table legend:
 A = Non-vault XP
 B = Vault XP
 C = Vault XP percentage of total XP
 D = Non-vault monster count
 E = Vault monster count
 F = Vault count percentage of total count
                 A         B        C        D         E       F
            +---------+---------+-------+---------+---------+-------
      Total |      12 |       0 |   0.0 |       8 |       0 |   0.0
            +---------+---------+-------+---------+---------+-------
        D:1 |      12 |       0 |   0.0 |       8 |       0 |   0.0
            +---------+---------+-------+---------+---------+-------
